 Dungeon Crawl Stone Soup version 0.28-b1-25-g9875b3fc8c (webtiles) character file.

Game seed: 14448450410859871967

126 croobank the Cutter (level 4, -3/35 HPs)
             Began as a Vampire Chaos Knight on Feb 1, 2022.
             Was a Plaything of Xom.
             Slain by a sky beast (5 damage)
             ... on level 4 of the Dungeon.
             The game lasted 00:11:18 (2003 turns).

croobank the Cutter (Vampire Chaos Knight)          Turns: 2003, Time: 00:11:21

Health: -3/35      AC: 11    Str: 13    XL:     4   Next: 83%
Magic:  4/4        EV: 12    Int: 14    God:    Xom [*.....]
Gold:   163        SH:  0    Dex: 13    Spells: 3/3 levels left

rFire   . . .      SeeInvis +   a - +3 short sword (chaos)
rCold   . . .      Faith    .   (no shield)
rNeg    . . .      Spirit   .   b - +2 leather armour
rPois   .          Reflect  .   k - +2 helmet
rElec   .          Harm     .   (no cloak)
rCorr   .          Rampage  .   (no gloves)
Will    .....                   h - +0 pair of boots
Stlth   ++........              (no amulet)
HPRegen 0.31/turn               (no ring)
MPRegen 0.09/turn               (no ring)

@: healing quickly
A: alive, fangs 3, see invisible, vampiric 2, iridescent scales 1, mutation
resistance 1
a: Exsanguinate, Renounce Religion


You were on level 4 of the Dungeon.
You worshipped Xom.
You were a special plaything of Xom.
You visited 1 branch of the dungeon, and saw 4 of its levels.

You collected 163 gold pieces.

Inventory:

Hand Weapons
 a - a +3 short sword of chaos (weapon)
Missiles
 c - 132 stones
 g - 30 sling bullets
 q - 4 silver boomerangs (quivered)
Armour
 b - a +2 leather armour (worn)
 h - a +0 pair of boots (worn)
 i - a +0 ring mail
 k - a +2 helmet (worn)
 r - a +0 chain mail
Wands
 o - a wand of acid (5)
Scrolls
 f - a scroll of identify
 p - a scroll of magic mapping
Potions
 d - a potion of magic {unknown}
 e - a potion of curing {unknown}
 j - a potion of might {unknown}
 l - a potion of heal wounds {unknown}
 m - a potion of degeneration {unknown}
 n - a potion of attraction {unknown}
 s - a potion of mutation {unknown}
 t - a potion of resistance {unknown}


   Skills:
 + Level 3.3 Fighting
 + Level 4.3 Short Blades
 + Level 0.2 Throwing
 + Level 1.6 Armour
 + Level 2.9 Dodging
 + Level 2.4 Stealth


You had 3 spell levels left.
You didn't know any spells.
Your spell library contained the following spells:

 Spells                   Type           Power      Damage    Failure   Level
 Stone Arrow              Conj/Erth      0%         3d7       73%         3
 Animate Armour           Summ/Erth      0%         N/A       98%         4
 Lehudib's Crystal Spear  Conj/Erth      0%         10d2      100%        8


Dungeon Overview and Level Annotations

Branches:
Dungeon (4/15)
 Temple: D:4-7

Altars:
Xom

Annotations:
D:3 Ijyb


Innate Abilities, Weirdness & Mutations

Your natural rate of healing is accelerated.
You have razor-sharp teeth.
You have supernaturally acute eyesight. (SInv)
You are afflicted with vampirism and can become a bat while bloodless.
You are partially covered in iridescent scales. (AC +2)
You are somewhat resistant to further mutation.


Message History

The ogre is lightly wounded.
The ogre hits you with a +0 giant spiked club!!
Ouch! That really hurt!
* * * LOW HITPOINT WARNING * * *
The ogre closely misses you.
There is an open door here.
You hit the ogre. You burn the ogre.
The ogre is moderately wounded.
The ogre barely misses you.
You closely miss the ogre.
The ogre is moderately wounded.
You hit the ogre.
The ogre is heavily wounded.
The ogre hits you with a +0 giant spiked club.
* * * LOW HITPOINT WARNING * * *
You hit the ogre.
The ogre is poisoned.
The ogre is heavily wounded. "This might be better!"
The ogre evaporates and reforms as a sky beast!
The sky beast hits you but does no damage.
You puncture the sky beast!
The sky beast is poisoned.
The sky beast is moderately wounded.
You barely miss the sky beast.
The sky beast is moderately wounded.
The sky beast hits you.
* * * LOW HITPOINT WARNING * * *
The sky beast shocks you.
* * * LOW HITPOINT WARNING * * *
You hit the sky beast.
The sky beast looks as sick as possible!
You bite the sky beast, but do no damage.
The sky beast is moderately wounded.
The sky beast closely misses you.
You closely miss the sky beast.
The sky beast is moderately wounded.
The sky beast hits you.
* * * LOW HITPOINT WARNING * * *
The sky beast shocks you.
You die...
Xom laughs nastily!

##.....................
####+##...........>..........
........#.........#.#......##
S.......#..................#
........#..................#
####+####..................#
#...........########
#####.Y..........
#####@#..........
#......#..........
#......#...♣......
#.......P.≈.P.....
#.......≈..≈≈≈....
##############.....≈.≈≈≈≈P..
.............†....P.≈≈≈≈≈...
##############.....≈P≈≈.≈...
####..≈≈≈≈≈≈P.#


You could see a sky beast (extremely poisoned).

Vanquished Creatures
  An adder (D:2)
  2 worms (D:2)
  5 dart slugs
  An orc (D:3)
  6 bats
  5 endoplasms
  2 giant cockroaches (D:2)
  11 goblins
  2 hobgoblins
  4 jackals (D:3)
  2 quokkas (D:2)
  7 ball pythons
  3 frilled lizards
  4 kobolds
  6 rats
61 creatures vanquished.

Vanquished Creatures (collateral kills)
  A hound (D:4)
  A dart slug (D:4)
  A hobgoblin (D:4)
3 creatures vanquished.

Vanquished Creatures (others)
  A plant (D:4)
  4 toadstools (D:1)
5 creatures vanquished.

Grand Total: 69 creatures vanquished

Notes
Turn   | Place    | Note
-------+----------+-------------------------------------------
     0 | D:1      | croobank the Vampire Chaos Knight began the quest for the
                  | Orb.
     0 | D:1      | Reached XP level 1. HP: 17/17 MP: 1/1
    25 | D:1      | Found a faded altar of an unknown god.
   107 | D:1      | XOM: silly message
   176 | D:1      | XOM: silly message
   192 | D:2      | XOM: divination: detect items
   215 | D:2      | XOM: butterfly on damage
   219 | D:2      | Reached XP level 2. HP: 16/24 MP: 2/2
   274 | D:2      | XOM: cloud trail
   577 | D:1      | Reached skill level 1 in Armour
   645 | D:2      | Reached skill level 1 in Stealth
   773 | D:2      | Gained mutation: You are afflicted with vampirism and can
                  | become a bat while bloodless. [Vampire growth]
   773 | D:2      | Reached XP level 3. HP: 29/29 MP: 3/3
   901 | D:2      | XOM: scenery: create altars
  1119 | D:2      | XOM: stat loss: -1 Int (13/14)
  1209 | D:2      | XOM: god gift: glowing short sword {god gift}
  1229 | D:2      | Reached skill level 4 in Short Blades
  1281 | D:2      | XOM: give mutations
  1281 | D:2      | Gained mutation: You are partially covered in iridescent
                  | scales. (AC +2) [Xom's grace]
  1281 | D:2      | Gained mutation: You are somewhat resistant to further
                  | mutation. [Xom's grace]
  1563 | D:3      | Reached XP level 4. HP: 34/35 MP: 4/4
  1834 | D:3      | Noticed Ijyb
  1916 | D:4      | XOM: enchant monster (good)
  1920 | D:4      | XOM: summons 3 friendly demons
  1959 | D:4      | XOM: scenery: 1 doors open
  1977 | D:4      | Noticed an ogre
  1999 | D:4      | Noticed a sky beast
  1999 | D:4      | an ogre changed into a sky beast
  1999 | D:4      | XOM: polymorph ogre -> sky beast
  2003 | D:4      | Slain by a sky beast

Illustrated notes

Levels and vault maps discovered:
D:1:      ldierk_walled_garden_2, layout_rooms, ebering_ecumenical_altar_webs,
          minmay_misc_feat_diagonals
D:2:      wad_river_or_something, layout_basic,
          nicolae_concentric_dashed_squares_mild
D:3:      kennysheep_the_goblin_king, layout_basic, grunt_ministairs_12
D:4:      kennysheep_six_static_rooms, layout_basic, serial_bayou_pond_b,
          minmay_distorted, uniq_eustachio

Skill      XL: |  1  2  3  4 |
---------------+-------------+-----
Fighting       | 3 |  3.3
Armour         | 1 |  1.6
Stealth        | 1 2 |  2.4
Short Blades   | 4 |  4.3
Throwing       | |  0.2
Dodging        | |  2.9

Action                   |  1- 3 |  4- 6 || total
-------------------------+-------+-------++-------
Melee: Short sword       |   132 |    27 ||   159
       Bite              |     8 |     1 ||     9
       Punch             |     4 |       ||     4
Throw: Boomerang         |       |    17 ||    17
  Use: Scroll            |     4 |       ||     4
 Stab: Sleeping          |     4 |     1 ||     5
       Paralysed         |     1 |       ||     1
Armor: Leather armour    |    50 |    14 ||    64
Dodge: Dodged            |    88 |    15 ||   103
